 Dungeon Crawl Stone Soup version 0.27-a0-1136-g0b992a5a9d (webtiles) character file.

Game seed: 2835884231712479194

15 reriks the Vexing (level 2, -1/15 HPs)
             Began as a Deep Elf Enchanter on May 5, 2021.
             Slain by a kobold
             ... wielding a +1 short sword of speed
              (7 damage)
             ... on level 2 of the Dungeon.
             The game lasted 00:02:04 (1018 turns).

reriks the Vexing (Deep Elf Enchanter)              Turns: 1018, Time: 00:02:04

Health: -1/15      AC:  3    Str:  5    XL:     2   Next: 34%
Magic:  7/8        EV: 12    Int: 19    God:
Gold:   45         SH:  0    Dex: 15    Spells: 6/7 levels left

rFire    . . .     SeeInvis .   a - +1 dagger
rCold    . . .     Faith    .   (no shield)
rNeg     . . .     Spirit   .   b - +0 robe
rPois    .         Reflect  .   (no helmet)
rElec    .         Harm     .   (no cloak)
rCorr    .         Rampage  .   (no gloves)
Will     .....                  d - +0 pair of boots
Stlth    +++.......             (no amulet)
HPRegen  0.05/turn              (no ring)
MPRegen  0.11/turn              (no ring)

@: no status effects
A: no striking features
a: no special abilities


You were on level 2 of the Dungeon.
You visited 1 branch of the dungeon, and saw 2 of its levels.

You collected 45 gold pieces.

Inventory:

Hand Weapons
 a - a +1 dagger (weapon)
Armour
 b - a +0 robe (worn)
 d - a +0 pair of boots (worn)
Scrolls
 c - 2 scrolls of teleportation {unknown}
Potions
 e - a potion of flight {unknown}
 f - a potion of berserk rage {unknown}
 g - a potion of brilliance {unknown}


   Skills:
 + Level 1.1 Short Blades
 + Level 2.6 Dodging
 + Level 3.8 Stealth
 * Level 3.3 Spellcasting
 * Level 4.4 Hexes


You had 6 spell levels left.
You knew the following spells:

 Your Spells              Type           Power      Damage    Failure   Level
a - Corona                Hex            22%        N/A       2%          1

Your spell library contained the following spells:

 Spells                   Type           Power      Damage    Failure   Level
 Confusing Touch          Hex            20%        N/A       7%          3
 Tukima's Dance           Hex            20%        N/A       7%          3
 Ensorcelled Hibernation  Hex/Ice        22%        N/A       9%          2
 Dazzling Flash           Conj/Hex       22%        N/A       19%         3


Dungeon Overview and Level Annotations

Branches:
Dungeon (2/15)

Altars:

Shops:
D:1 =


Message History

You kill the bat!
No target in view!
No target in view!
No target in view!
No target in view!
No target in view!
You start resting.
HP restored.
You start waiting.
Done waiting.
c - 2 scrolls labelled MOLLAL NAYPN (gained 1)
A kobold comes into view.
It is wielding a +1 short sword of speed.
The kobold shouts!
You hit the kobold.
The kobold is moderately wounded.
You hit the kobold but do no damage.
The kobold is moderately wounded.
The kobold barely misses you. The kobold closely misses you.
You hit the kobold but do no damage.
The kobold is moderately wounded.
The kobold misses you.
Casting: Corona (safe; 2% risk of failure)
Confirm with . or Enter, or press ? or * to list all spells.
Aiming: Corona (safe; 2% risk of failure)
Press: ? - help, Shift-Dir - straight line, f - kobold
Aim: a kobold, wielding a +1 short sword of speed (moderately wounded, chance to affect: 75%)
The kobold is outlined in light.
The kobold hits you with a +1 short sword of speed.
You hit the kobold but do no damage.
The kobold is moderately wounded.
The kobold hits you but does no damage.
The kobold hits you with a +1 short sword of speed.
You hit the kobold.
The kobold is severely wounded.
The kobold barely misses you.
You barely miss the kobold.
The kobold is severely wounded.
The kobold hits you with a +1 short sword of speed.
The kobold hits you with a +1 short sword of speed!
You die...

+ # #########
#........ #.#
########### #K#
#.......... #@#
#.######### #.#
#.# #.# #.# #.#
#.#
#.######.#########
#.................
########.#########
#.#########
#..........


You could see a kobold (corona).

Vanquished Creatures
  4 bats
  3 endoplasms
  A giant cockroach (D:2)
  A hobgoblin (D:2)
  A quokka (D:2)
  A ball python (D:1)
  2 rats (D:1)
13 creatures vanquished.

Notes
Turn   | Place    | Note
-------+----------+-------------------------------------------
     0 | D:1      | reriks the Deep Elf Enchanter began the quest for the Orb.
     0 | D:1      | Reached XP level 1. HP: 10/10 MP: 6/6
    46 | D:1      | Found Kucheani's Jewellery Shoppe.
   300 | D:2      | Reached XP level 2. HP: 8/15 MP: 8/8
  1018 | D:2      | Slain by a kobold

Illustrated notes

Levels and vault maps discovered:
D:1:      ebering_hopf_link, layout_rooms, serial_shops, shop,
          hellmonk_ecumenical_altar_leap_of_faith, amethyst_killhole,
          serial_park_tiny_2, st_stairs_8
D:2:      layout_basic, minmay_misc_feat_diagonals

Action                   || total
-------------------------++-------
Melee: Dagger            ||    64
 Cast: Corona            ||     9
 Stab: Sleeping          ||     4
Armor: Robe              ||    15
Dodge: Dodged            ||    58

Table legend: (Time is in decaauts)
 A = Elapsed time spent in this place.
 B = Non-inter-level travel time spent in this place.
 C = Inter-level travel time spent in this place.
 D = Time resting spent in this place.
 E = Time spent auto-exploring this place.
 F = Levels seen in this place.
 G = Mean time per level.
                   A        B        C        D        E       F      G
               +--------+--------+--------+--------+--------+-----+--------+
         Total |   1014 |   1014 |      0 |    532 |    264 |   2 |  507.0 |
       Dungeon |   1014 |   1014 |      0 |    532 |    264 |   2 |  507.0 |
               +--------+--------+--------+--------+--------+-----+--------+

Top non-repeatable levels by time:
     D:2: 717 daAuts
     D:1: 297 daAuts
